 Dungeon Crawl Stone Soup version 0.28-a0-1147-gc7b72d3202 (webtiles) character file.

Game seed: 18034923752861525061

913 ChaosChampion the Thaumaturge (level 7, 0/36 HPs)
             Began as a Deep Elf Conjurer on Dec 14, 2021.
             Shot with an arrow by a centaur (8 damage)
             ... on level 5 of the Dungeon.
             The game lasted 00:07:14 (4311 turns).

ChaosChampion the Thaumaturge (Deep Elf Conjurer)   Turns: 4311, Time: 00:07:14

Health: 0/36       AC:  3    Str:  4    XL:     7   Next: 82%
Magic:  5/22       EV: 27    Int: 25    God:
Gold:   216        SH:  0    Dex: 13    Spells: 15/25 levels left

rFire   . . .      SeeInvis +   (no weapon)
rCold   + . .      Faith    .   (no shield)
rNeg    . . .      Spirit   .   a - +1 robe
rPois   .          Reflect  .   (no helmet)
rElec   .          Harm     .   (no cloak)
rCorr   .          Rampage  .   (no gloves)
Will    .....                   (no boots)
Stlth   ++........              m - amulet of the acrobat
HPRegen 0.12/turn               k - ring of protection from cold
MPRegen 0.18/turn               p - ring of see invisible

@: acrobatic
A: no striking features
a: no special abilities


You were on level 5 of the Dungeon.
You visited 1 branch of the dungeon, and saw 5 of its levels.

You collected 216 gold pieces.

Inventory:

Armour
 a - a +1 robe (worn)
Jewellery
 c - an amulet of faith
 k - a ring of protection from cold (left hand)
 m - an amulet of the acrobat (around neck)
 p - a ring of see invisible (right hand)
Wands
 e - a wand of flame (30)
Scrolls
 d - 2 scrolls of identify
 h - a scroll of enchant armour
 q - a scroll of immolation
Potions
 b - 3 potions of curing
 f - 2 potions of heal wounds
 g - a potion of berserk rage {unknown}
 i - a potion of attraction {unknown}
 l - a potion of magic {unknown}
 n - 2 potions of haste {unknown}
 r - a potion of might {unknown}


   Skills:
 - Level 2.4 Dodging
 - Level 2.4 Stealth
 * Level 9.9 Spellcasting
 + Level 7.3 Conjurations


You had 15 spell levels left.
You knew the following spells:

 Your Spells              Type           Power      Damage    Failure   Level
a - Magic Dart            Conj           100%       1d8       1%          1
b - Searing Ray           Conj           98%        2d8       1%          2
c - Mephitic Cloud        Conj/Pois/Air  24%        N/A       5%          3
d - Iskenderun's Mystic   Conj/Tloc      30%        2d8       11%         4

Your spell library contained the following spells:

 Spells                   Type           Power      Damage    Failure   Level
 Dazzling Flash           Conj/Hex       60%        N/A       3%          3
 Fulminant Prism          Conj/Hex       15%        3d11      11%         4
 Ignite Poison            Fire/Tmut/Pois 12%        N/A       16%         3
 Freezing Cloud           Conj/Ice/Air   12%        6-21      45%         5


Dungeon Overview and Level Annotations

Branches:
Dungeon (5/15)
 Temple: D:4-7

Altars:
Makhleb
Okawaru
Sif Muna

Shops:
D:2 :


Message History

Confirm with . or Enter, or press ? or * to list all spells.
Aiming: Magic Dart (safe; 1% risk of failure)
Press: ? - help, Shift-Dir - straight line, f/p - killer bee
Aim: a killer bee (moderately wounded, 100% to hit)
The magic dart hits the killer bee.
The killer bee is heavily wounded.
A centaur comes into view.
Casting: Magic Dart (safe; 1% risk of failure)
Confirm with . or Enter, or press ? or * to list all spells.
Aiming: Searing Ray (safe; 1% risk of failure)
Press: ? - help, Shift-Dir - straight line, f/p - killer bee
Aim: a killer bee (heavily wounded, 65% to hit)
The searing ray hits the killer bee!
You kill the killer bee! (Press . to maintain the ray.)
The centaur wields a +0 shortbow.
The centaur shoots an arrow.
The arrow barely misses you.
You hear an angry buzzing noise.
Casting: Searing Ray (safe; 1% risk of failure)
Confirm with . or Enter, or press ? or * to list all spells.
Restarting spell: Searing Ray (safe; 1% risk of failure)
Press: ? - help, Shift-Dir - straight line, f - centaur
Aim: a centaur, wielding a +0 shortbow and quivering arrows (90% to hit)
The searing ray hits the centaur!
The centaur is moderately wounded. (Press . to maintain the ray.)
The centaur shoots an arrow.
The arrow hits you!
Casting: Searing Ray (safe; 1% risk of failure)
Confirm with . or Enter, or press ? or * to list all spells.
Restarting spell: Searing Ray (safe; 1% risk of failure)
Press: ? - help, Shift-Dir - straight line, f/p - centaur
Aim: a centaur, wielding a +0 shortbow and quivering arrows (moderately wounded, 90% to hit)
The searing ray hits the centaur.
The centaur is heavily wounded. (Press . to maintain the ray.)
The centaur shoots an arrow.
The arrow hits you!
The centaur shoots an arrow.
The arrow hits you.
* * * LOW HITPOINT WARNING * * *
The centaur shoots an arrow.
The arrow hits you!
You die...

#.# .y #.# ..
# ##.##.. #.
##...#. #..
....[ ..# ...
# #.##c# # #.
#.#)# #.##.#
##.@#
#.....###...#
#...#.#####.#
#.#.........#
#.###.#####..
#.# #.# #.#
#.# ####.#
#.# #....#
#.##


You could see a centaur.

Vanquished Creatures
  The ghost of ChaosChampion the Conjurer, an amateur DECj (D:4)
  An ice beast (D:5)
  2 ogres
  A phantom (D:5)
  A scorpion (D:4)
  A water moccasin zombie (D:5)
  2 killer bees (D:5)
  2 orc priests (D:3)
  2 orc wizards
  A hound skeleton (D:4)
  6 adders
  A howler monkey skeleton (D:4)
  An adder skeleton (D:4)
  A worm (D:4)
  5 dart slugs
  8 orcs
  7 bats
  5 endoplasms
  3 giant cockroaches
  9 goblins
  4 hobgoblins
  4 jackals
  5 kobolds
  3 quokkas (D:4)
  9 ball pythons
  5 frilled lizards
  A quokka skeleton (D:4)
  5 rats
96 creatures vanquished.

Notes
Turn   | Place    | Note
-------+----------+-------------------------------------------
     0 | D:1      | ChaosChampion the Deep Elf Conjurer began the quest for the
                  | Orb.
     0 | D:1      | Reached XP level 1. HP: 10/10 MP: 6/6
   274 | D:1      | Found a faded altar of an unknown god.
   311 | D:1      | Reached XP level 2. HP: 15/15 MP: 4/8
   318 | D:1      | Learned a level 2 spell: Searing Ray
   844 | D:2      | Reached skill level 4 in Spellcasting
   949 | D:2      | Reached skill level 5 in Conjurations
   949 | D:2      | Reached XP level 3. HP: 19/19 MP: 6/10
  1192 | D:2      | Found Aprytan's Book Shoppe.
  1697 | D:3      | Reached skill level 5 in Spellcasting
  1697 | D:3      | Reached XP level 4. HP: 24/24 MP: 0/13
  1881 | D:3      | Found an iron altar of Okawaru.
  2030 | D:3      | Found a shimmering blue altar of Sif Muna.
  2038 | D:3      | Reached skill level 6 in Spellcasting
  2038 | D:3      | Reached XP level 5. HP: 26/28 MP: 5/15
  2841 | D:4      | Noticed an ogre
  3033 | D:4      | Reached skill level 7 in Spellcasting
  3033 | D:4      | Reached XP level 6. HP: 32/32 MP: 7/18
  3088 | D:4      | Learned a level 4 spell: Iskenderun's Mystic Blast
  3431 | D:4      | Found a runed translucent gate.
  3432 | D:4      | Found a runed translucent gate.
  3436 | D:4      | Found a runed translucent gate.
  3440 | D:4      | Noticed ChaosChampion's ghost (amateur DECj)
  3453 | D:4      | Learned a level 3 spell: Mephitic Cloud
  3464 | D:4      | Killed ChaosChampion's ghost
  3465 | D:4      | Reached skill level 8 in Spellcasting
  3730 | D:4      | Reached XP level 7. HP: 36/36 MP: 14/20
  3789 | D:4      | Found a burning altar of Makhleb.
  4017 | D:5      | Entered Level 5 of the Dungeon
  4050 | D:5      | Reached skill level 9 in Spellcasting
  4311 | D:5      | Shot with an arrow by a centaur

Illustrated notes

Levels and vault maps discovered:
D:1:      wander_arrival_fairy_ring, layout_rooms,
          hellmonk_ecumenical_altar_leap_of_faith
D:2:      layout_loops_ring, serial_shops, nicolae_shop_window_shopping
D:3:      layout_rooms, okawaru_ov_weapons_minmay, kennysheep_orc_sif_temple
D:4:      layout_loops_cross, pdpol_wu_jian_five_deadly_venoms,
          lemuel_coloured_pillars_altar, gammafunk_ghost_split
D:5:      layout_loops_ring, grunt_gozag_breadcrumbs, minmay_misc_feat_chi,
          palyth_stone_intersect, hangedman_decor_peaks_small,
          chequers_serial_rivers_micro_e, uniq_sigmund

Skill      XL: |  1  2  3  4  5  6  7 |
---------------+----------------------+-----
Spellcasting   | 4 5 6 7 8 9 |  9.9
Conjurations   | 5 6 7 |  7.3
Dodging        | |  2.4
Stealth        | |  2.4

Action                   |  1- 3 |  4- 6 |  7- 9 || total
-------------------------+-------+-------+-------++-------
 Cast: Magic Dart        |    71 |    60 |    13 ||   144
       Searing Ray       |     2 |    26 |    13 ||    41
       Iskenderun's Myst |       |     1 |     3 ||     4
       Mephitic Cloud    |       |     1 |       ||     1
  Use: Scroll            |       |     8 |     1 ||     9
Armor: Robe              |     1 |     1 |       ||     2
Dodge: Dodged            |     1 |    14 |     7 ||    22

Table legend: (Time is in decaauts)
 A = Elapsed time spent in this place.
 B = Non-inter-level travel time spent in this place.
 C = Inter-level travel time spent in this place.
 D = Time resting spent in this place.
 E = Time spent auto-exploring this place.
 F = Levels seen in this place.
 G = Mean time per level.
                   A        B        C        D        E       F      G
               +--------+--------+--------+--------+--------+-----+--------+
         Total |   4316 |   4246 |     70 |    315 |   3377 |   5 |  863.2 |
       Dungeon |   4316 |   4246 |     70 |    315 |   3377 |   5 |  863.2 |
               +--------+--------+--------+--------+--------+-----+--------+

Top non-repeatable levels by time:
     D:3: 1180 daAuts
     D:4: 1096 daAuts
     D:2: 906 daAuts
     D:1: 840 daAuts
     D:5: 293 daAuts
